Cogmind - Beta 16 @@@ ROGUE MODE // 2025.11.08 @ 17:34:40 Player: Jimothy Jimone Result: Self-destructed Performance ------------- Evolutions (1) 500 Regions Visited (3) 600 Robots Destroyed (38) 190 Value Destroyed (921) 921 Prototype IDs (2) 40 Alien Tech Used (0) 0 Bonus (0) 0 TOTAL SCORE: 2251 Bonus ------- None Cogmind --------- Core Integrity 30/400 Matter 169/300 Energy 280/280 System Corruption 0% Temperature Cool (72) Movement Walking (190) Ox1 Location -9/Storage Parts ------- > --- POWER (1) -------- Cooled Ion Engine > --- PROPULSION (3) --- Aluminum Leg Aluminum Leg Compact Wheel > --- UTILITY (3) ------ Medium Storage Unit > --- WEAPON (2) ------- Beam Cannon Rocket Launcher > --- INVENTORY (10) --- Ion Engine Cooled Ion Engine Aluminum Leg Small Storage Unit Small Laser Heavy Assault Rifle Rocket Launcher Rocket Launcher Peak State ------------ > --- POWER ------------ Cooled Ion Engine > --- PROPULSION ------- Aluminum Leg Aluminum Leg Compact Wheel > --- UTILITY ---------- Medium Storage Unit Drone Bay Drone Bay > --- WEAPON ----------- Beam Cannon Light Assault Rifle > --- INVENTORY -------- Ion Engine Small Storage Unit Small Laser Rocket Launcher Rocket Launcher Rocket Launcher [Rating: 19] Favorites ----------- Power Ion Engine Engine Ion Engine Propulsion Aluminum Leg Leg Aluminum Leg Wheel Compact Wheel Utility Medium Storage Unit Device Drone Bay Storage Medium Storage Unit Protection Core Shielding Weapon Light Assault Rifle Energy Gun Small Laser Energy Cannon Beam Cannon Ballistic Gun Light Assault Rifle Launcher Mini Grenade Launcher Build | -11 -10 -9 -9 ------- Run | Yrd Mat Mat Sto Slots Evolved 2 | . . 2 . Power . | . . . . Propulsion 1 | . . 1 . Utility 1 | . . 1 . Weapon . | . . . . Parts Attached 33 | 6 6 8 13 Power 7 | 1 1 2 3 Engine 7 | 1 1 2 3 Core . | . . . . Reactor . | . . . . Propulsion 11 | 2 1 2 6 Treads . | . . . . Leg 9 | 2 1 2 4 Wheel 2 | . . . 2 Hover . | . . . . Flight . | . . . . Utility 7 | 1 2 2 2 Device 2 | . . . 2 Storage 2 | 1 . 1 . Processor . | . . . . Hackware . | . . . . Protection 3 | . 2 1 . Artifact . | . . . . Weapon 8 | 2 2 2 2 Energy Gun 2 | 1 . . 1 Energy Cannon 1 | . 1 . . Ballistic Gun 2 | 1 1 . . Ballistic Cannon . | . . . . Launcher 3 | . . 2 1 Special Weapon . | . . . . Impact Weapon . | . . . . Slashing Weapon . | . . . . Piercing Weapon . | . . . . Special Melee Weapon . | . . . . Unidentified Prototypes 2 | . . 1 1 Parts Lost 15 | . . 7 8 Power 2 | . . 2 . Propulsion 6 | . . 3 3 Utility 4 | . . 1 3 Weapon 3 | . . 1 2 Highest Loss Streak 4 | . . 4 4 To Critical Strikes 1 | . . . 1 Average Backups 6 | 3 7 6 6 Power . | . 1 1 . Propulsion 2 | 1 3 2 . Utility . | . . . 1 Weapon 2 | . 1 2 4 Tool/Special . | . . . . Unused Backups 7 | . 2 . 5 Power 1 | . . . 1 Propulsion 2 | . 2 . . Utility . | . . . . Weapon 4 | . . . 4 Tool/Special . | . . . . Average Slot Usage (%) 87 | . 95 85 82 Engine 11 | . 14 9 11 Leg 23 | . 28 22 21 Wheel 3 | . . . 7 Device 4 | . . . 9 Storage 12 | . 14 12 11 Protection 8 | . 9 18 3 Energy Gun 3 | . 5 . 3 Energy Cannon 8 | . 4 10 10 Ballistic Gun 9 | . 18 2 4 Launcher 1 | . . 8 . Peak Build Rating 19 | 6 8 12 19 Average Rating 9 | 4 6 10 12 On Entrance 5 | . 6 8 8 Avg Prop Armor Cover (%) 1 | . . . 1 Naked Turns . | . . . . Heaviest Build 34 | 12 15 28 34 Greatest Support 30 | 20 20 30 30 Greatest Overweight (x) 2 | . . 2 2 Average Overweight (x) . | . . . . Largest Inventory Capacity 10 | 8 8 10 10 Average Capacity 9 | 6 8 9 10 Most Carried 9 | 6 8 8 9 Average Carried 6 | 3 7 6 6 Final Capacity 10 | 8 8 10 10 Final Carried 8 | 6 8 8 8 Class Distribution -------------------- 97% | Mutant Dominant Class ---------------- Mutant | -10/Materials Mutant | -9/Materials Mutant | -9/Storage Resources | -11 -10 -9 -9 ----------- Run | Yrd Mat Mat Sto Matter Collected 629 | 210 116 86 217 Remotely . | . . . . Salvage Created 1040 | . 169 303 568 Parts 80 | . 13 24 43 Haulers Intercepted 1 | . . 1 . Recyclers Shooed 2 | . . 1 1 Parts Field Recycled . | . . . . Retrieved Matter . | . . . . Parts Self-Destructed . | . . . . Prevented . | . . . . Parts Restored . | . . . . Kills | -11 -10 -9 -9 ------- Run | Yrd Mat Mat Sto Combat Hostiles Destroyed 30 | . 6 11 13 Guns 9 | . 6 . 3 Cannons 11 | . . 4 7 AOE 10 | . . 7 3 Classes Destroyed 8 | . 2 5 1 Worker 2 | . . 1 1 Builder 2 | . . 2 . Hauler 1 | . . 1 . Mechanic 1 | . . . 1 Watcher 2 | . . 1 1 Swarmer 11 | . 3 4 4 Grunt 13 | . 3 6 4 Sentry 6 | . . 1 5 Best Kill Streak 12 | . 3 12 7 Combat Bots Only 7 | . 3 7 5 Max Kills in Single Turn 4 | . 1 3 4 Gunslinging . | . . . . Exploded 3 | . . 3 3 Melee . | . . . . Uniques/NPCs Destroyed . | . . . . Combat | -11 -10 -9 -9 -------- Run | Yrd Mat Mat Sto Hostile Shots Fired 270 | . 40 124 106 Missed 84 | . 6 45 33 Hits 186 | . 34 79 73 Projectile 186 | . 34 79 73 Critical Strikes 5 | . . 1 4 Damage Taken 2360 | . 361 1007 992 Core 428 | . 58 172 198 Absorbed by Shields . | . . . . Redirected to Shielding 50 | . 2 35 13 Regen/Repaired (Parts) 87 | . . . 87 Core Remaining (%) 88 | 100 76 . . Volleys Fired 91 | . 26 19 46 Largest 2 | . 2 2 2 Hottest 105 | . 40 90 105 Shots Fired 150 | . 46 30 74 Gun 71 | . 46 1 24 Cannon 59 | . . 13 46 Launcher 20 | . . 16 4 Special . | . . . . Kinetic 61 | . 46 1 14 Thermal 59 | . . 13 46 Explosive 20 | . . 16 4 Electromagnetic 10 | . . . 10 Robot Hit Streak 9 | . 9 8 9 Robot Miss Streak 3 | . 2 3 2 Penetration Max . | . . . . Secondary Targets 1 | . 1 . . Max Gunslinging Chain 1 | . 1 . . Shots Hit Robots 97 | . 30 18 49 Core Hits 56 | . 11 21 24 Critical Kills . | . . . . Critical Parts Destroyed . | . . . . Critical Strikes . | . . . . Melee Attacks . | . . . . Impact . | . . . . Slashing . | . . . . Piercing . | . . . . Sneak Attacks . | . . . . Combat Hostiles . | . . . . Follow-up Attacks . | . . . . Damage Inflicted 2781 | . 242 1520 1019 Guns 435 | . 239 8 188 Cannons 772 | . . 194 578 Explosions 1571 | . . 1318 253 Melee . | . . . . Ramming 3 | . 3 . . Kinetic 338 | . 239 8 91 Thermal 834 | . . 256 578 Explosive 1509 | . . 1256 253 Electromagnetic 97 | . . . 97 Impact . | . . . . Slashing . | . . . . Piercing . | . . . . Highest Corruption 1 | . 1 . . Average Corruption 1 | . 1 . . Corruption Purged . | . . . . Corruption Blocked . | . . . . Overload Shots . | . . . . Overflow Damage 74 | . . 72 2 Projectiles 8 | . . 8 . Explosions 66 | . . 64 2 Melee . | . . . . Knockbacks . | . . . . Impact . | . . . . Kinetic . | . . . . Secondary . | . . . . Self-Inflicted Damage 191 | . . 104 87 Shots 6 | . . 4 2 Rammed . | . . . . Targets Rammed 3 | . 3 . . Kicked 3 | . 3 . . Crushed . | . . . . Highest Temperature 457 | . 60 170 457 Average Temperature 82 | . 22 59 115 Received Heat Transfer 744 | . 126 327 291 Effects 2 | . . . 2 Shutdowns 1 | . . . 1 Energy Bleed 1 | . . . 1 Siege Activations . | . . . . Martial Activations . | . . . . Shielding Activations . | . . . . Robots Disrupted . | . . . . Combat Hostiles . | . . . . Robots Corrupted . | . . . . Combat Hostiles . | . . . . Parts Fried . | . . . . Impact Corruptions . | . . . . Robots Melted . | . . . . Combat Hostiles . | . . . . Parts Melted 2 | . . 1 1 Heat Transferred 1678 | . . 457 1221 Parts Sabotaged . | . . . . Parts Stolen . | . . . . Parts Stripped . | . . . . Power Chain Reactions . | . . . . Alert | -11 -10 -9 -9 ------- Run | Yrd Mat Mat Sto Maximum Alert Level 1 | . . 1 . Low Security (%) 95 | 100 100 67 100 Level 1 4 | . . 32 . Level 2 . | . . . . Level 3 . | . . . . Level 4 . | . . . . Level 5 . | . . . . High Security . | . . . . Max Security . | . . . . Peak Influence 280 | . 85 280 123 Initial 105 | . . . 105 Average 52 | . 27 149 46 Influence Increases 979 | . 155 410 414 Destroy 0b10 Robot/C 600 | . 120 220 260 Destroy 0b10 Robot/NC 40 | . . 25 15 Destroy Leader 116 | . 20 34 62 Successful Hack 15 | . . . 15 Disable Machine 60 | . . 45 15 Destroy Structure 118 | . . 86 32 Lose Combat Pursuer 30 | . 15 . 15 Influence Decreases 856 | . 155 160 541 Entered New Map 145 | . . . 145 Time Decay 563 | . 155 90 318 Lost Part 148 | . . 70 78 Squads Dispatched 3 | . 2 1 . Investigation 2 | . 2 . . Extermination . | . . . . Reinforcement 1 | . . 1 . Assault . | . . . . Garrison . | . . . . Intercept . | . . . . Searches Triggered . | . . . . Construction Impeded 1 | . . 1 . Haulers Reinforced . | . . . . Active Scanning Responses . | . . . . Cargo Convoy Interrupts . | . . . . Stealth | -11 -10 -9 -9 --------- Run | Yrd Mat Mat Sto Distress Signals 3 | . 1 1 1 Communications Jammed . | . . . . Distress Signals . | . . . . Times Spotted 43 | . 12 14 17 Peak Tracking Total 9 | . 3 9 4 Tactical Retreats 2 | . 1 . 1 Traps | -11 -10 -9 -9 ------- Run | Yrd Mat Mat Sto Traps Triggered 1 | . 1 . . Indirectly . | . . . . Trap Hack Attempts . | . . . . Triggered . | . . . . Disarmed . | . . . . Reprogrammed . | . . . . Reused . | . . . . Traps Extracted . | . . . . Installed . | . . . . Triggered . | . . . . Machines | -11 -10 -9 -9 ---------- Run | Yrd Mat Mat Sto Machines Disabled 4 | . . 3 1 Max in Single Turn 2 | . . 2 1 Machines Repaired . | . . . . Machines Dismantled . | . . . . Machines Sabotaged . | . . . . Overloaded Fab Kills . | . . . . Hacking | -11 -10 -9 -9 --------- Run | Yrd Mat Mat Sto Machines Accessed 10 | . 4 2 4 Terminals 8 | . 3 2 3 Fabricators . | . . . . Repair Stations 1 | . . . 1 Recycling Units 1 | . 1 . . Scanalyzers . | . . . . Garrison Access . | . . . . Total Hacks 21 | . 11 3 7 Successful 10 | . 4 1 5 Failed 11 | . 7 2 2 Catastrophic 1 | . 1 . . Database Lockouts . | . . . . Manual . | . . . . Terminals 18 | . 10 3 5 Fabricators . | . . . . Repair Stations 2 | . . . 2 Recycling Units 1 | . 1 . . Scanalyzers . | . . . . Garrison Access . | . . . . Terminal Hacks 7 | . 3 1 3 Record 2 | . 2 . . Open Door 1 | . . . 1 Emergency Access Points 2 | . 1 1 . Maintenance Status 1 | . . . 1 Zone Layout 1 | . . . 1 Fabricator Hacks . | . . . . Repair Station Hacks 2 | . . . 2 Scan Component 1 | . . . 1 Repair 1 | . . . 1 Recycling Unit Hacks 1 | . 1 . . Retrieve Matter 1 | . 1 . . Scanalyzer . | . . . . Garrison Access Hacks . | . . . . Unauthorized Hacks . | . . . . Terminals . | . . . . Fabricators . | . . . . Repair Stations . | . . . . Recycling Units . | . . . . Scanalyzers . | . . . . Garrison Access . | . . . . Data Cores Recovered . | . . . . Used . | . . . . Hacking Detections 6 | . 2 2 2 Full Trace Events 2 | . 2 . . Feedback Events 1 | . 1 . . Corruption 1 | . 1 . . Feedback Blocked . | . . . . Robot Schematics Acquired . | . . . . Robots Built . | . . . . Authchips . | . . . . Time . | . . . . Total Robot Build Rating . | . . . . Part Schematics Acquired . | . . . . Parts Built . | . . . . Authchips . | . . . . Time . | . . . . Total Part Build Rating . | . . . . Part Studies Acquired . | . . . . Parts Repaired 1 | . . . 1 Time 13 | . . . 13 Parts Recycled . | . . . . Recycled Matter . | . . . . Retrieved Matter . | . . . . Retrieved Components . | . . . . Parts Scanalyzed . | . . . . Part Schematics Acquired . | . . . . Parts Damaged . | . . . . Bothacking | -11 -10 -9 -9 ------------ Run | Yrd Mat Mat Sto Used RIF Installer . | . . . . Robots Hacked . | . . . . Non-combat . | . . . . Combat . | . . . . Robot Hacks Applied . | . . . . Relay Couplers Released . | . . . . Fabnet Peak Effective % . | . . . . Robots Rewired . | . . . . Allies Hacked . | . . . . Hacks Repelled . | . . . . Allies | -11 -10 -9 -9 -------- Run | Yrd Mat Mat Sto Total Allies . | . . . . Largest Group . | . . . . Highest-Rated Group . | . . . . Highest-Rated Ally . | . . . . Total Orders . | . . . . Ally Attacks . | . . . . Total Damage . | . . . . Kills . | . . . . Allies Corrupted . | . . . . Allies Melted . | . . . . Intel | -11 -10 -9 -9 ------- Run | Yrd Mat Mat Sto Active Infowar (turns) . | . . . . Robot Analysis Total . | . . . . Derelict Logs Recovered . | . . . . Drone Launches . | . . . . Drone Recoveries . | . . . . Exploration | -11 -10 -9 -9 ------------- Run | Yrd Mat Mat Sto Turns Passed 1676 | 123 580 259 714 Spaces Moved 933 | 93 398 114 328 Core 5 | 5 . . . Treads . | . . . . Legs 907 | 88 398 114 307 Wheels 21 | . . . 21 Hover . | . . . . Flight . | . . . . Fastest Speed 50 | 50 120 120 90 Average Speed 144 | 116 120 169 174 Slowest Speed 260 | 120 120 260 260 Overloaded Moves . | . . . . Propulsion Burnouts . | . . . . Robots Hopped . | . . . . Potential Cave-ins . | . . . . Cave-ins Triggered . | . . . . Exploration Rate (%) 25 | 5 43 18 35 Regions Visited 3 Branch Regions 1 Pre-discovered Areas . | . . . . Known Exits Taken . | . . . . Unknown Exits Taken 3 | 1 1 1 . Scrap Searched . | . . . . Spaces Dug . | . . . . Terrain Destroyed 131 | . . 98 33 Melee . | . . . . Projectile . | . . . . AOE 131 | . . 98 33 Terrain Rammed . | . . . . Walls Destroyed . | . . . . Machines Disabled . | . . . . Actions | -11 -10 -9 -9 --------- Run | Yrd Mat Mat Sto Total 1110 | 105 461 149 395 Wait 24 | . 24 . . Move 931 | 92 398 113 328 Hop . | . . . . Pick Up 16 | 7 3 2 4 Fast Attach 15 | 5 1 4 5 Attach 12 | 1 . 6 5 Detach 5 | . . 4 1 Swap 11 | . 5 1 5 Drop 3 | . 2 . 1 Fire 91 | . 26 19 46 Melee . | . . . . Ram . | . . . . Kick 2 | . 2 . . Crush . | . . . . Escape Stasis . | . . . . Rewire . | . . . . Trap . | . . . . Miscellaneous . | . . . . Route ------- -11/Scrapyard -10/Materials -9/Materials -9/Storage History --------- Turn | Location | Event 82 | -11/Scrapyard | Discovered new exit (range 15) 124 | -11/Scrapyard | Entered Materials 312 | -10/Materials | Build established: Mutant 619 | -10/Materials | Discovered new exit (range 7) 704 | -10/Materials | Entered another Materials area 704 | -9/Materials | Evolved 2 slots: Propulsion x1, Utility x1 817 | -9/Materials | Destroyed 7 combat bots 827 | -9/Materials | Lost 4 parts (1p2n1w) 884 | -9/Materials | Discovered new exit (range 16) 963 | -9/Materials | Entered Storage 979 | -9/Storage | Lost 3 parts (1p1n1u) 1031 | -9/Storage | Repaired Beam Cannon 1169 | -9/Storage | Core integrity fell below 50% 1205 | -9/Storage | Lost 4 parts (2n1u1w) 1552 | -9/Storage | Core integrity fell below 20% 1677 | -9/Storage | Self-destructed Last Messages --------------- K-01 Serf collects debris. K-01 Serf cleans the Storage Shell. R-06 Scavenger collects Visual Processing Unit. K-01 Serf collects debris. K-01 Serf cleans the Storage Shell. G-34 Mercenary destroyed. K-01 Serf collects debris. Drone Bay destroyed. S-10 Pest destroyed. K-01 Serf collects debris. K-01 Serf destroyed. M-13 Machinist destroyed. S-10 Pest destroyed. Drone Bay destroyed. Destroyed Drone Bay. S-10 Pest destroyed. U-05 Engineer builds a Wall. K-01 Serf collects debris. The unstable cave ceiling collapses. U-05 Engineer builds a Wall. Map ----- +----------------------------------------------------+ | ????????????# ##????????????????????????????? | | ????????????# """ T#??###???????????????????????? | | ???########?# "R" ##### #####???????????????????? | | ??##T# !!#?# " " ## =! #???????????????????? | | ??# ### *## """ ! #???????????????????? | | ??# #!!!!## ## "" = ##??????????????????? | | #?# ######## ## """ T#??????????????????? | | ###+###########+#+### ##??????????????????? | | ! [ # """ #???????????????????? | | *% =[=! + """ #???????????????????? | | !%[ # """ #???????????????????? | | ################# # #???????????????????? | | #???????????????# ############?????????????????? | | ????????????????# ## #?????????????????? | | ????????????????# ## """"" #?????????????????? | | ????????????????# ## " " #?????????????????? | | ????????????????# ## """"" #?????????????????? | | ????????????????# ## ""??" #?????????????????? | | ????????????????# ## "???" #?????????????????? | | ????????????????# / """"" #?????????????????? | | ????????????????# ##% #?????????????????? | | ???????????????###/##### #+#####?????????????????? | | ########???????#T =!#?## ###########?????????? | | ^ """ ""???????##" "### k k ???????? | | %""" """???????#* *## # k a ???????? | | """ """ #??#***## @ ???????? | | ^ #???###### = ######+####????????? | | | |#????????## [ ##??????????????????? | | #############?????????# = #??????????????????? | | ?????????????????????? =%[ ?????????????????? | | ????????????????????? = #????????????????? | | ????????????????????# % #????????????????? | | ????????????????????### * #????????????????? | | ?????????????????????? ????????????????? | | ??????????????????????""""" # ???????????????? | | ??????????????????????""""" # ??????????????? | | ??????????????????????"""""u# "?????????????? | | ??????????????????????????? ? ??????????????? | | ???????????????????????????##? #????????????????? | | ?????????????????????????????????????????????????? | | ?????????????????????????????????????????????????? | | ?????????????????????????????????????????????????? | | ##########???????????????????????????????????????? | | #???????????????????????????????????????? | | #???????????????????????????????????????? | | #???????????????????????????????????????? | | #???????????????????????????????????????? | | [ #???????????????????????????????????????? | | #???????????????????????????????????????? | | #???????????????????????????????????????? | +----------------------------------------------------+ Best States ------------- Heat Dissipation 28 Energy Generation 14 Energy Capacity 280 Matter Stores 300 Matter Capacity 300 Sight Range 16 Terrain Scan Density 10 Armor Coverage 150 Core Shielding 20 Evasion (%) 55 Item Schematics ----------------- None Robot Schematics ------------------ None Fabricated ------------ Nothing Repaired ---------- Beam Cannon | 13% | -9/Storage Studied --------- None Alien Tech Used ----------------- None Achievements -------------- Novice Programmer Challenges ------------ None Game ------ Seed DeepDeepBattery Manual? 0 Play Time 00:33:03 Cumulative 8.1 hours Start 2025.11.05 @ 15:12:27 End 2025.11.08 @ 17:34:40 Sessions 5 Manual Loads 0 Difficulty Rogue Special Mode None Game No. 12 Rogue 12 Adventurer 0 Explorer 0 Win Type - Total 0 Types 0/0/0/0/0/0/0/0/0/0 Lore% 6 Gallery% 10 Achievement% 9 Wizard Run 0 Options --------- Layout 1 ASCII 0 Keyboard 1 Movement Arrows Keybinds 0 Fullscreen 0 Font 14/SmallcapsGlow Map View 55x38 Zoom Use 0% Tactical HUD 0 Map Filters NONE Filters NONE Steam 1 RUN: d88f4328-8050-46ed-ad7b-489673ff87b9